 Seeded DCSS version 0.30.1-11-g7821555f0a (webtiles) character file.

Game seed: 1488530604685760082 (custom seed)

14080 groovy9 the Severer (level 11, 0/95 HPs)
             Began as a Minotaur Fighter on Jan 11, 2024.
             Was a High Priest of Makhleb.
             Slain by an orc knight
             ... wielding a +0 bardiche
              (2 damage)
             ... on level 2 of the Orcish Mines.
             The game lasted 00:26:28 (9942 turns).

groovy9 the Severer (Minotaur Fighter)              Turns: 9942, Time: 00:26:28

Health: 0/95       AC: 18    Str: 29    XL:     11   Next: 84%
Magic:  13/13      EV:  7    Int:  5    God:    Makhleb [*****.]
Gold:   1487       SH:  7    Dex:  9    Spells: 10/10 levels left

rFire   . . .        b - +11 broad axe "Minotaur's Regret" {spect, Str+3}
rCold   . . .        x - +2 buckler
rNeg    . . .        t - +1 plate armour
rPois   .            (helmet restricted)
rElec   .            q - +0 cloak
rCorr   .            (no gloves)
SInv    .            g - +0 pair of boots
Will    .....        (no amulet) Stlth
                     A - ring of flight
HPRegen 0.35/turn    (no ring)
MPRegen 0.13/turn

%: no passive effects
@: flying, hasted, very quick
A: horns 2, retaliatory headbutt
a: Renounce Religion, Minor Destruction, Lesser Servant of Makhleb, Major
Destruction, Greater Servant of Makhleb


You were on level 2 of the Orcish Mines.
You worshipped Makhleb.
Makhleb was extremely pleased with you.
You visited 3 branches of the dungeon, and saw 13 of its levels.
You also visited: Sewer.

You collected 1487 gold pieces.

Inventory:

Hand Weapons
 b - the +11 broad axe "Minotaur's Regret" (weapon) {spect, Str+3}
   (You found it on level 3 of the Dungeon)

   Str:       It affects your strength (+3).
Armour
 g - a +0 pair of boots (worn)
 q - a +0 cloak (worn)
 t - a +1 plate armour (worn)
 x - a +2 buckler (worn)
Jewellery
 r - a ring of see invisible
 A - a ring of flight (left hand)
 K - a ring of poison resistance
Wands
 a - a wand of paralysis (11)
 j - a wand of acid (4)
 m - a wand of flame (44)
 y - a wand of mindburst (10)
 M - a wand of roots (5)
Scrolls
 c - a scroll of enchant armour
 e - 2 scrolls of noise {unknown}
 f - 4 scrolls of teleportation
 i - 3 scrolls of vulnerability
 k - 4 scrolls of fog
 n - 2 scrolls of blinking
 C - a scroll of amnesia
 D - a scroll of torment {unknown}
 F - a scroll of identify
 G - a scroll of fear
 I - a scroll of enchant weapon {unknown}
 J - 3 scrolls of silence {unknown}
 L - a scroll of summoning
Potions
 d - a potion of might
 h - 6 potions of attraction
 l - 12 potions of curing
 o - a potion of heal wounds {unknown}
 p - a potion of invisibility {unknown}
 s - 2 potions of degeneration
 u - 2 potions of haste
 v - 2 potions of ambrosia {unknown}
 w - a potion of magic {unknown}
 z - 2 potions of mutation
 B - a potion of resistance {unknown}
 E - a potion of flight {unknown}
 H - a potion of brilliance {unknown}


   Skills:
 + Level 8.7 Fighting
 * Level 17.7 Axes
 + Level 10.1 Armour
 + Level 5.5 Shields
 * Level 5.2 Invocations


You had 10 spell levels left.
You didn't know any spells.
Your spell library was empty.

Dungeon Overview and Level Annotations

Branches:
Dungeon (10/15)            Temple (1/1) D:5            Lair (0/5) D:9
    Orc (2/2) D:10            Elf (0/3) Orc:2         Sewer (visited)

Altars:
Ashenzari
Cheibriados
Dithmenos
Elyvilon
Fedhas
Gozag
Kikubaaqudgha
Makhleb
Nemelex Xobeh
Okawaru
Qazlal
Ru
Sif Muna
Trog
Uskayaw
Vehumet
Xom
Yredelemnul
Zin
The Shining One

Shops:
D:1 (   Orc:1 [[


Innate Abilities, Weirdness & Mutations

You have a pair of horns on your head.
You reflexively headbutt those who attack you in melee.


Message History

You slash the orc priest!
Your +11 broad axe "Minotaur's Regret" {spect, Str+3} hits the orc priest!!!
You kill the orc priest!
Makhleb accepts your kill.
You feel better.
Your +11 broad axe "Minotaur's Regret" {spect, Str+3} hits the orc knight!
Your +11 broad axe "Minotaur's Regret" {spect, Str+3} hits the orc knight.
An orc priest comes into view. It is wielding a +0 short sword.
The orc knight hits your +11 broad axe "Minotaur's Regret" {spect, Str+3} with a +0 war axe!!
Your spectral weapon shares its damage with you!
Your +11 broad axe "Minotaur's Regret" {spect, Str+3} disappears.
The orc knight hits you from afar with a +0 bardiche!!
* * * LOW HITPOINT WARNING * * *
The orc attacks as you move away! The orc hits you but does no damage.
Things that are here:
a +0 hand axe; an orc corpse You barely miss the orc.
Your +11 broad axe "Minotaur's Regret" {spect, Str+3} hits the orc!!
You kill the orc!
Makhleb accepts your kill.
You feel better.
The orc knight hits you but does no damage.
You slice the orc knight!! You headbutt the orc knight!
The orc knight is severely wounded.
Your +11 broad axe "Minotaur's Regret" {spect, Str+3} hits the orc knight!
You kill the orc knight!
Makhleb accepts your kill.
You feel better.
Something barely misses your +11 broad axe "Minotaur's Regret" {spect, Str+3}.
The orc knight hits you from afar with a +0 bardiche!
* * * LOW HITPOINT WARNING * * *
Your +11 broad axe "Minotaur's Regret" {spect, Str+3} disappears.
The orc high priest calls upon Beogh to heal the orc knight.
The orc knight's wounds heal themselves!
The orc priest invokes the aid of Beogh against you.
Beogh smites you!
* * * LOW HITPOINT WARNING * * *
It was a potion of haste.
You feel yourself speed up.
The orc knight hits you from afar with a +0 bardiche.
You die...

. #...##...## #
#.........#
##.#....#.#.### #
#........####.## #
##.#....##.....# #
###...#.......# ##..
#...#........## ##....
##..##)))...o.###.o..
#....#....@#...#.o.
#....#......#)))#)#.#.#.
#..........$)))oo)......
............)))o).......
.$.....)..$.)....o.....
.#.............#.#.#.#.
..............##.......
...............##......
.#.......##....# ##....


You could see an orc knight (strong).

Vanquished Creatures
  Nergalle (Orc:1)
  A deep elf pyromancer (D:10)
  2 orc knights
  An orc sorcerer (Orc:1)
  An ugly thing (D:10)
  Maurice (D:10)
  Psyche (D:10)
  2 trolls
  Sigmund (D:6)
  A wraith (D:10)
  8 yaks (D:10)
  A vampire (D:10)
  Eustachio (D:5)
  A fire elemental (Orc:1)
  A basilisk (D:10)
  Edmund (D:6)
  A vampire mosquito (D:10)
  Menkaure (D:6)
  An acid dragon (D:10)
  2 wargs
  A water moccasin (D:6)
  2 black bears
  26 orc warriors
  A sky beast (D:7)
  4 ice beasts
  5 boggarts (D:10)
  4 ogres
  2 centaurs (D:9)
  A phantom (D:7)
  3 kobold brigands
  A bullfrog (D:8)
  Blork the orc (D:5)
  A gnoll sergeant (D:8)
  3 scorpions
  4 wights (D:8)
  5 killer bees (D:9)
  5 howler monkeys
  4 electric eels (D:10)
  4 gnoll boudas
  3 hounds
  26 orc priests
  3 iguanas
  21 orc wizards
  31 gnolls
  16 adders
  A river rat (Sewer)
  A white imp (D:6)
  An ufetubus (D:7)
  2 worms
  A dart slug (D:2)
  85 orcs
  9 endoplasms
  3 giant cockroaches
  4 goblins
  12 hobgoblins
  19 kobolds
  A quokka (D:1)
  8 ball pythons
  6 bats
  9 frilled lizards
  11 rats
380 creatures vanquished.

Vanquished Creatures (others)
  A spectral weapon (Orc:2)
1 creature vanquished.

Grand Total: 381 creatures vanquished

Notes
Turn   | Place    | Note
-------+----------+-------------------------------------------
     0 | D:1      | groovy9 the Minotaur Fighter began the quest for the Orb.
     0 | D:1      | Reached XP level 1. HP: 19/19 MP: 0/0
   201 | D:1      | Reached XP level 2. HP: 22/27 MP: 1/1
   295 | D:1      | Reached skill level 3 in Axes
   465 | D:1      | Found a faded altar of an unknown god.
   503 | D:1      | Found Dyac's Weapon Shop.
   608 | D:1      | You fall into a shaft and drop 1 floor!
   841 | D:2      | Reached XP level 3. HP: 33/33 MP: 2/2
  1014 | D:2      | Reached XP level 4. HP: 35/40 MP: 3/3
  1055 | D:2      | Reached skill level 4 in Axes
  1323 | D:3      | Found an opulent altar of Gozag.
  1579 | D:3      | Identified the +11 broad axe "Minotaur's Regret" {spect,
                  | Str+3}
  1956 | D:3      | Found a large runed translucent door.
  1957 | D:3      | Found a large runed translucent door.
  1971 | D:3      | Found a bloodstained altar of Trog.
  1977 | D:3      | Found a hide-covered altar of Uskayaw.
  2116 | D:4      | Reached XP level 5. HP: 46/46 MP: 4/4
  2153 | D:4      | Reached skill level 5 in Axes
  2164 | D:4      | Reached skill level 5 in Armour
  2349 | D:5      | Entered Level 5 of the Dungeon
  2384 | D:5      | Noticed an ogre
  2389 | D:5      | Killed an ogre
  2390 | D:5      | Reached skill level 6 in Axes
  2390 | D:5      | Reached XP level 6. HP: 33/53 MP: 5/5
  2504 | D:5      | Noticed Blork the orc
  2509 | D:5      | Killed Blork the orc
  2512 | D:5      | Noticed a troll
  2515 | D:5      | Reached skill level 7 in Axes
  2518 | D:5      | Killed a troll
  2519 | D:5      | Reached skill level 8 in Axes
  2519 | D:5      | Reached XP level 7. HP: 37/60 MP: 6/6
  2602 | D:5      | Found a glowing drain.
  2616 | Sewer    | Entered a sewer
  2992 | D:5      | Noticed Eustachio
  3006 | D:5      | Killed Eustachio
  3007 | D:5      | Reached skill level 5 in Fighting
  3007 | D:5      | Reached skill level 9 in Axes
  3166 | D:5      | Found a staircase to the Ecumenical Temple.
  3203 | Temple   | Entered the Ecumenical Temple
  3311 | Temple   | Became a worshipper of Makhleb the Destroyer
  3324 | D:5      | Reached XP level 8. HP: 68/68 MP: 7/7
  3337 | D:5      | Reached skill level 10 in Axes
  3424 | D:5      | Found a bloodstained altar of Trog.
  4015 | D:6      | Reached skill level 11 in Axes
  4146 | D:6      | Noticed Sigmund
  4152 | D:6      | Killed Sigmund
  4153 | D:6      | Reached skill level 12 in Axes
  4249 | D:6      | Reached XP level 9. HP: 75/75 MP: 8/8
  4295 | D:6      | Reached * piety under Makhleb
  4395 | D:6      | Noticed Menkaure
  4397 | D:6      | Killed Menkaure
  4501 | D:6      | Noticed Edmund
  4509 | D:6      | Killed Edmund
  5115 | D:7      | Reached skill level 13 in Axes
  5226 | D:7      | Reached skill level 1 in Invocations
  5861 | D:8      | Found a sacrificial altar of Ru.
  6433 | D:8      | Reached skill level 14 in Axes
  6434 | D:8      | Reached ** piety under Makhleb
  6828 | D:8      | Reached XP level 10. HP: 84/84 MP: 10/10
  7093 | D:9      | Found a staircase to the Lair.
  7229 | D:9      | Reached *** piety under Makhleb
  7358 | D:9      | Found a white marble altar of Elyvilon.
  7619 | D:10     | Entered Level 10 of the Dungeon
  7760 | D:10     | Found a staircase to the Orcish Mines.
  7773 | D:10     | Reached skill level 15 in Axes
  7777 | D:10     | Noticed a white ugly thing
  7777 | D:10     | Noticed a deep elf pyromancer
  7855 | D:10     | Killed a deep elf pyromancer
  7856 | D:10     | Killed a white ugly thing
  8112 | D:10     | Identified the orb of Haez {guile, Rampage rCorr Int+2
                  | Dex-3}
  8135 | D:10     | Reached **** piety under Makhleb
  8137 | D:10     | Reached skill level 16 in Axes
  8363 | D:10     | Noticed Psyche
  8370 | D:10     | Killed Psyche
  8371 | D:10     | Reached XP level 11. HP: 49/92 MP: 12/12
  8698 | D:10     | Noticed Maurice
  8706 | D:10     | Killed Maurice
  8724 | D:10     | Found a glowing golden altar of the Shining One.
  9004 | Orc:1    | Entered Level 1 of the Orcish Mines
  9050 | Orc:1    | Reached skill level 5 in Shields
  9248 | Orc:1    | Noticed an orc knight
  9250 | Orc:1    | Noticed Nergalle
  9258 | Orc:1    | Killed an orc knight
  9261 | Orc:1    | Killed Nergalle
  9262 | Orc:1    | Reached skill level 17 in Axes
  9270 | Orc:1    | Reached ***** piety under Makhleb
  9299 | Orc:1    | Found Isiet's Antique Armour Boutique.
  9362 | Orc:1    | Found Xino Ber's Antique Armour Boutique.
  9411 | Orc:1    | Noticed an orc sorcerer
  9415 | Orc:1    | Killed an orc sorcerer
  9771 | Orc:2    | Entered Level 2 of the Orcish Mines
  9771 | Orc:2    | Found a staircase to the Elven Halls.
  9819 | Orc:2    | Reached skill level 10 in Armour
  9882 | Orc:2    | Reached skill level 5 in Invocations
  9927 | Orc:2    | Noticed an orc knight
  9927 | Orc:2    | Noticed an orc knight
  9928 | Orc:2    | Noticed an orc knight
  9930 | Orc:2    | Noticed an orc high priest
  9933 | Orc:2    | Noticed an orc knight
  9937 | Orc:2    | Killed an orc knight
  9940 | Orc:2    | HP: 1/95 [orc priest/divine providence (12)]
  9942 | Orc:2    | Slain by an orc knight

Illustrated notes

Levels and vault maps discovered:
D:1:      nzn_arrival_settlement, layout_loops_ring, serial_shops, shop,
          hellmonk_ecumenical_altar_arch_garden, minmay_tetromino_t4
D:2:      layout_basic
D:3:      layout_loops_corners, old_standard_altar, jmf_multi_god_temple2,
          st_stairs_9
D:4:      layout_basic, serial_shops, nicolae_square_shop, enter_ossuary_5,
          skrybe_limestone_x, uniq_pikel
D:5:      layout_cave_pods, temple_fountains, portal_sewer_entry_d,
          serial_glass, glass_columns_c, glass_columns_b, minmay_ruined_shrine,
          uniq_eustachio, uniq_blork_the_orc
D:6:      layout_basic, uniq_sigmund, uniq_menkaure, uniq_edmund
D:7:      layout_basic
D:8:      layout_layer_cave, nicolae_ru_sacrificial_ziggurat,
          nicolae_grassy_gnolls
D:9:      layout_rooms, elyvilon_altar_3, dpeg_oklobed_lair,
          hangedman_decor_diamond_cutter
D:10:     layout_rooms, tso_metal_star, orc_0_dummy, serial_rivers,
          chequers_serial_rivers_micro_c, chequers_serial_rivers_micro_b,
          chequers_serial_rivers_micro_d, chequers_serial_rivers_micro_b,
          chequers_serial_rivers_micro_d, chequers_big_river,
          minmay_mirror_moons_of_madness, uniq_maurice, uniq_psyche
Temple:   nicolae_temple_elliptical
Orc:1:    layout_caves, serial_shops, nicolae_shop_dealshenge,
          nicolae_shop_behind_doors, nicolae_orc_lava_tube,
          nicolae_orc_stony_grotto, uniq_nergalle
Orc:2:    st_orc_pillars, layout_caves, nicolae_orc_crystal_geode

Skill      XL: |  1  2  3  4  5  6  7  8  9 10 11 |
---------------+----------------------------------+-----
Armour         | 4 5 6 7 8 9 10 | 10.1
Fighting       | 4 5 6 7 8 |  8.7
Axes           | 3 4 6 8 9 12 14 16 17 | 17.7
Invocations    | 1 3 5 |  5.2
Shields        | 4 5 |  5.5

Action                     |  1- 3 |  4- 6 |  7- 9 | 10-12 || total
---------------------------+-------+-------+-------+-------++-------
  Melee: War axe           |    83 |    18 |       |       ||   101
         Headbutt          |     9 |     4 |    22 |    25 ||    60
         Broad axe         |       |    38 |   166 |   198 ||   402
    Use: Scroll            |       |       |    15 |       ||    15
         Potion            |       |       |     1 |     3 ||     4
   Stab: Distracted        |       |       |       |     1 ||     1
 Armour: Scale mail        |    43 |    10 |       |       ||    53
         Plate armour      |       |    18 |    82 |    61 ||   161
  Dodge: Dodged            |    48 |    20 |    45 |    35 ||   148
  Block: Buckler           |    17 |     9 |    23 |    47 ||    96
